[Event "Team 45 45 League T73"]
[Site "Internet Chess Club"]
[Date "2017.07.05"]
[Round "4"]
[White "UrsaMajor"]
[Black "seattleblues"]
[Result "1-0"]
[WhiteElo "1484"]
[BlackElo "1296"]
[Opening "Caro-Kann: Panov-Botvinnik attack"]
[ECO "B13"]
[Time "21:04:11"]
[TimeControl "2700+45"]

1. e4 c6 2. d4 d5 3. exd5 cxd5 4. c4 Nf6 5. Nc3 Bf5 6. Nf3 e6 7. cxd5 Nxd5 8.
Bb5+ Nc6 9. Ne5 Rc8 10. g4 Bg6 11. h4 Nxc3 12. bxc3 Be4 13. f3 a6 14. fxe4 axb5
15. Nd3 Na5 16. Bd2 Nc4 17. Qb3 Qa5 18. Rb1 Qa4 19. Qxb5+ Qxb5 20. Rxb5 Rc7 21.
Ke2 Be7 22. g5 O-O 23. Rhb1 b6 24. R1b3 Ra8 25. Nb2 Rxa2 26. Nxc4 Rxc4 27. Rxb6
Ra8 28. Rb7 Kf8 29. Rd7 Rd8 30. Rxd8+ Bxd8 31. Kd3 Rc6 32. e5 f6 33. gxf6 gxf6
34. exf6 Bxf6 35. h5 Kf7 36. Rb7+ Kg8 37. Bf4 Rc8 38. Be5 Bxe5 39. dxe5 Rd8+ 40.
Ke4 h6 41. Re7 Rc8 42. Kd3 Rc6 43. c4 Ra6 44. Kd4 Rc6 45. Rd7 Ra6 46. Rd6 {Black
resigns} 1-0

[Event "Team 45 45 League T73"]
[Site "Internet Chess Club"]
[Date "2017.07.09"]
[Round "4"]
[White "Conjurer"]
[Black "smsxman"]
[Result "0-1"]
[WhiteElo "1254"]
[BlackElo "1348"]
[Opening "Queen's pawn, Mason variation"]
[ECO "D00"]
[Time "12:00:46"]
[TimeControl "2700+45"]

1. d4 d5 2. Bf4 Nc6 3. e3 Nf6 4. c4 e6 5. Nf3 Ne4 6. a3 Bd7 7. cxd5 exd5 8. Nc3
Nxc3 9. bxc3 Be7 10. Bd3 O-O 11. O-O a6 12. Qb3 Bc8 13. c4 Na5 14. Qc2 dxc4 15.
Bxh7+ Kh8 16. Be4 f5 17. Ne5 fxe4 18. Ng6+ Kg8 19. Nxf8 Qxf8 20. Qxe4 Bf5 21.
Qd5+ Kh8 22. Qxa5 b6 23. Qe5 Bd6 24. Qd5 b5 25. a4 Rd8 26. Qc6 Bd3 27. Rfd1 Bxf4
28. exf4 Qxf4 29. Qf3 Qxf3 30. gxf3 bxa4 31. Rxa4 Bc2 32. Rxc4 Bxd1 33. Kg2 Rd7
34. Kg3 a5 35. Kf4 a4 36. Ke5 Bb3 37. Rc3 Kg8 38. Rd3 Rd5+ 39. Ke4 Rh5 40. Rc3
c6 41. Rxc6 Bd5+ 42. Kd3 Bxc6 43. Kc4 Kf7 44. Kb4 Ke7 45. f4 Kd6 46. h4 Kd5 47.
Kc3 Rxh4 48. f5 Rxd4 49. f6 gxf6 50. f3 Rc4+ 51. Kb2 Kd4 52. f4 Rc3 53. f5 Kd3
54. Kb1 Rc2 55. Ka1 Kc3 56. Kb1 Rb2+ 57. Ka1 Rh2 58. Kb1 Bd5 59. Ka1 Rh1# {White
checkmated} 0-1

[Event "Team 45 45 League T73"]
[Site "Internet Chess Club"]
[Date "2017.07.08"]
[Round "4"]
[White "chuckh2"]
[Black "noblitz-oblige"]
[Result "1-0"]
[WhiteElo "1482"]
[BlackElo "1417"]
[Opening "Queen's pawn: London system"]
[ECO "A45"]
[Time "22:32:07"]
[TimeControl "2700+45"]

1. d4 Nf6 2. Bf4 d6 3. e3 Nc6 4. c4 e5 5. Bg3 Ne4 6. Nc3 Nxg3 7. hxg3 exd4 8.
exd4 Qf6 9. Nd5 Qd8 10. Nf3 Be6 11. Nxc7+ Qxc7 12. d5 Bg4 13. dxc6 bxc6 14. Be2
g6 15. Qd4 Bxf3 16. Bxf3 f6 17. Rh4 Bg7 18. Re4+ Kf7 19. Re2 Rhe8 20. Qd2 Rxe2+
21. Bxe2 f5 22. Rd1 Rd8 23. Kf1 Qe7 24. Bf3 c5 25. Bd5+ Kf8 26. Re1 Qf6 27. Qe3
Qe5 28. Qa3 Qxb2 29. Qxa7 Qf6 30. Qa3 g5 31. Qb3 Qh6 32. Kg1 Be5 33. Qb6 Re8 34.
Qb7 Qg7 35. Qxg7+ Bxg7 36. Rxe8+ Kxe8 37. Kf1 Be5 38. Ke2 Kd7 39. Kf3 h6 40. Bf7
Kc6 41. Ke3 f4+ 42. gxf4 Bxf4+ 43. Ke4 Bd2 44. f3 Bc3 45. Kf5 Bg7 46. Ke4 Kb6
47. Be8 Ka5 48. Kd5 Be5 49. Bb5 Kb4 50. a4 h5 51. Kc6 g4 52. fxg4 hxg4 53. Kb6
g3 54. a5 {Black resigns} 1-0

[Event "Team 45 45 League T73"]
[Site "Internet Chess Club"]
[Date "2017.07.08"]
[Round "4"]
[White "chesskix"]
[Black "bmw2002"]
[Result "0-1"]
[WhiteElo "1411"]
[BlackElo "1552"]
[Opening "King's Indian defense, 3.Nc3"]
[ECO "E61"]
[Time "20:02:37"]
[TimeControl "2700+45"]

1. d4 Nf6 2. c4 g6 3. Nc3 Bg7 4. Bg5 O-O 5. Nf3 d6 6. g3 h6 7. Bd2 c5 8. d5 Bg4
9. Bg2 Nbd7 10. O-O Nh7 11. h3 Bxf3 12. exf3 Ne5 13. Qe2 g5 14. Rab1 Qd7 15. b3
Rae8 16. Nd1 Ng6 17. Bc3 e5 18. Qb2 f5 19. Ne3 f4 20. Ng4 Nf6 21. Nxf6+ Bxf6 22.
Qc2 Ne7 23. g4 Kg7 24. Kh2 Rh8 25. Rh1 Rh7 26. Kg1 Reh8 27. Re1 Ng6 28. Qf5 Qxf5
29. gxf5 Nh4 30. b4 b6 31. bxc5 bxc5 32. Rb1 Nxf5 33. Rb7+ Kf8 34. Rb8+ Ke7 35.
Rb7+ Kd8 36. Ba5+ Kc8 37. Rxh7 Rxh7 38. Kh2 Rb7 39. Rc1 Rb2 40. Kg1 Rxa2 41. Bc3
Ra3 42. Bb2 Ra2 43. Bc3 Bd8 44. Ra1 Rxa1+ 45. Bxa1 a5 46. Kf1 Kb7 47. Ke1 Nd4
48. Kd1 a4 49. Bb2 Ba5 50. Kc1 Bb4 51. Kb1 Ka6 52. Bxd4 cxd4 53. Bf1 Ka5 54. Bd3
Be1 55. Ka2 Kb4 56. Bf1 Bxf2 57. Be2 Be3 58. Bf1 Bc1 59. Kb1 Bd2 60. Ka2 a3 61.
Kb1 Kb3 62. c5 dxc5 63. d6 a2+ {White resigns} 0-1

[Event "Team 45 45 League T73"]
[Site "Internet Chess Club"]
[Date "2017.07.10"]
[Round "4"]
[White "arthchan2003"]
[Black "Bible-Believer"]
[Result "0-1"]
[WhiteElo "1351"]
[BlackElo "1421"]
[Opening "Ruy Lopez: four knights (Tarrasch) variation"]
[ECO "C48"]
[Time "15:00:30"]
[TimeControl "2700+45"]

1. e4 e5 2. Nf3 Nc6 3. Bb5 Nf6 4. Nc3 a6 5. Ba4 Bb4 6. O-O d6 7. d3 O-O 8. a3
Bc5 9. Bg5 h6 10. Bh4 Bg4 11. h3 Be6 12. Re1 Nd4 13. b4 Nxf3+ 14. Qxf3 Bd4 15.
Nd5 Bxd5 16. exd5 Bxa1 17. Rxa1 b5 18. Bb3 g5 19. Bg3 Qe7 20. Re1 Nd7 21. c3 Qf6
22. Qg4 Rad8 23. c4 Qg6 24. Rd1 f5 25. Qe2 Rde8 26. cxb5 axb5 27. Rc1 f4 28. Bh2
e4 29. d4 f3 30. Qxb5 Nf6 31. Rxc7 e3 32. fxe3 Qb1+ 33. Qf1 f2+ 34. Kxf2 Ne4+
{White resigns} 0-1

[Event "Team 45 45 League T73"]
[Site "Internet Chess Club"]
[Date "2017.07.11"]
[Round "4"]
[White "kingsrook"]
[Black "WzeroMN"]
[Result "0-1"]
[WhiteElo "1209"]
[BlackElo "1107"]
[Opening "Nimzo-Indian: Reshevsky variation"]
[ECO "E46"]
[Time "13:00:30"]
[TimeControl "2700+45"]

1. d4 Nf6 2. c4 e6 3. Nc3 Bb4 4. e3 O-O 5. Ne2 b6 6. a3 Bxc3+ 7. Nxc3 d5 8. Be2
c6 9. O-O Ba6 10. b3 Qd6 11. Re1 Nbd7 12. c5 Bxe2 13. Qxe2 bxc5 14. Rd1 cxd4 15.
exd4 c5 16. Nb5 Qb6 17. Be3 a6 18. dxc5 Nxc5 19. Rac1 Qxb5 20. Qxb5 axb5 21.
Bxc5 Rfc8 22. Bb4 Rxc1 23. Rxc1 h6 24. Kf1 d4 25. Rd1 e5 26. Bd6 Nd7 27. f3 f6
28. Ke2 Rc8 29. Kd3 Rc3+ 30. Kd2 Rxb3 31. Rc1 Rb2+ 32. Rc2 Rxc2+ 33. Kxc2 Nb6
34. Bb4 Nc4 35. Kd3 Nb2+ 36. Kc2 Na4 37. Kd3 Nb6 38. Kc2 Nd5 39. Kd3 Nxb4+ 40.
axb4 Kf7 41. g4 Ke6 42. Ke4 Kd6 43. h3 g6 44. h4 f5+ 45. gxf5 gxf5+ 46. Kd3 Kd5
47. Kd2 Kc4 {White resigns} 0-1

[Event "Team 45 45 League T73"]
[Site "Internet Chess Club"]
[Date "2017.07.09"]
[Round "4"]
[White "drsigmund1"]
[Black "g8wrb"]
[Result "1-0"]
[WhiteElo "1422"]
[BlackElo "1210"]
[Opening "Queen's pawn: London system"]
[ECO "A45"]
[Time "07:31:38"]
[TimeControl "2700+45"]

1. d4 Nf6 2. Bf4 d5 3. e3 Bd7 4. Bd3 Nc6 5. c3 g6 6. h3 Bg7 7. Nf3 a6 8. Nbd2
Qc8 9. Ne5 Nh5 10. Bh2 Nxe5 11. dxe5 Bh6 12. Nf3 O-O 13. Qb3 Bc6 14. Nd4 Qd7 15.
O-O Ng7 16. Qc2 Ne6 17. Nf3 Nc5 18. Be2 f6 19. Rad1 e6 20. e4 Nxe4 21. Bd3 Nc5
22. Bxg6 f5 23. Bh5 Qg7 24. Bg3 Kh8 25. Kh2 Be8 26. Bxe8 Raxe8 27. Rg1 Rg8 28.
Bh4 Qg6 29. g4 fxg4 30. Qxg6 Rxg6 31. hxg4 Ne4 32. Rg2 Rf8 33. Rd3 Bf4+ 34. Kg1
Rh6 35. Bf6+ Kg8 36. g5 Rg6 37. Nh4 c5 38. Nxg6 hxg6 39. Rh3 Kf7 40. Rh7+ Ke8
41. Re7+ {Black resigns} 1-0

[Event "Team 45 45 League T73"]
[Site "Internet Chess Club"]
[Date "2017.07.08"]
[Round "4"]
[White "SeniorCitizen"]
[Black "dabodhi"]
[Result "0-1"]
[WhiteElo "1246"]
[BlackElo "1356"]
[Opening "French: advance, Euwe variation"]
[ECO "C02"]
[Time "15:06:51"]
[TimeControl "2700+45"]

1. e4 e6 2. d4 d5 3. e5 c5 4. Nf3 Nc6 5. c3 Bd7 6. Bd3 cxd4 7. cxd4 Qb6 8. Bc2
Nb4 9. a3 Nxc2+ 10. Qxc2 Rc8 11. Nc3 Ne7 12. O-O Nf5 13. Qd2 Rc4 14. Ne2 Be7 15.
g4 Nh4 16. Qf4 Ng6 17. Qe3 h6 18. b3 Rc8 19. Nf4 O-O 20. Nh5 Qd8 21. Nxg7 Bg5
22. Nxg5 Qxg5 23. Qxg5 hxg5 24. Nh5 Bb5 25. Re1 Nf4 26. Nxf4 gxf4 27. Bxf4 Rc2
28. b4 Kg7 29. h4 Bd3 30. Kg2 Be4+ 31. Kg3 Rc3+ 32. Be3 f5 33. Rec1 f4+ 34. Kh2
Rxc1 35. Rxc1 fxe3 36. fxe3 Rf2+ 37. Kg3 Rf3+ 38. Kh2 Rf2+ 39. Kg3 Rf3+ 40. Kh2
Rxe3 41. Rc7+ Kg6 42. Rxb7 Rxa3 43. Rb5 Bf3 44. Ra5 Rxa5 45. bxa5 Bxg4 46. Kg3
Bf5 47. Kf3 Kh5 48. Ke3 Kxh4 49. Kd2 Kg4 {White resigns} 0-1

[Event "Team 45 45 League T73"]
[Site "Internet Chess Club"]
[Date "2017.07.11"]
[Round "4"]
[White "Just-Jim"]
[Black "kabubi"]
[Result "1-0"]
[WhiteElo "1377"]
[BlackElo "1208"]
[Opening "Queen's pawn game, Chigorin variation"]
[ECO "A04"]
[Time "18:00:18"]
[TimeControl "2700+45"]

1. Nf3 Nc6 2. d4 d5 3. Bf4 Bf5 4. a3 Nf6 5. Nc3 e6 6. Nb5 Rc8 7. h3 a6 8. Nc3
Be7 9. e3 O-O 10. Be2 Nh5 11. Bh2 Nf6 12. b4 b5 13. O-O Bd6 14. Bxd6 Qxd6 15.
Ne5 Nxe5 16. dxe5 Qxe5 17. Qd4 Qxd4 18. exd4 Bxc2 19. Rfc1 Bb3 20. Rab1 Bc4 21.
Bxc4 bxc4 22. Na4 Nd7 23. Nc3 Rfe8 24. a4 c6 25. b5 axb5 26. axb5 cxb5 27. Nxb5
Kf8 28. Nd6 Rc6 29. Nxe8 Kxe8 30. Rc3 f6 31. g4 e5 32. dxe5 fxe5 33. f3 d4 34.
Ra3 c3 35. Rc1 c2 36. g5 Nb6 37. Kf2 Nd5 38. Ra5 Rd6 39. Rxc2 Kf7 40. Ra7+ Kg6
41. Re2 Kxg5 42. Rxe5+ Kf6 43. Re4 d3 44. Rd4 {Black resigns} 1-0

[Event "Team 45 45 League T73"]
[Site "Internet Chess Club"]
[Date "2017.07.10"]
[Round "4"]
[White "oldbookseller"]
[Black "Xbug"]
[Result "0-1"]
[WhiteElo "921"]
[BlackElo "1173"]
[Opening "King's Indian: East Indian defense"]
[ECO "A48"]
[Time "18:30:33"]
[TimeControl "2700+45"]

1. d4 Nf6 2. Nf3 g6 3. e3 Bg7 4. Bd3 O-O 5. O-O d6 6. Nbd2 Bd7 7. e4 Re8 8. e5
dxe5 9. dxe5 Ng4 10. h3 Nxe5 11. Nxe5 Bxe5 12. Nf3 Bg7 13. Bc4 Nc6 14. Ng5 Ne5
15. Bb3 h6 16. Nf3 Nxf3+ 17. Qxf3 e6 18. Be3 Bc6 19. Qg4 Bxb2 20. Rad1 Qf6 21.
Bxh6 Qf5 22. Qe2 g5 23. c4 Qg6 24. Qxb2 Qxh6 25. Rd3 b5 26. Rg3 bxc4 27. Bxc4
Rab8 28. Qe5 f6 29. Bxe6+ Kg7 30. Qxc7+ Kh8 31. Qxc6 f5 32. Bxf5 Qxc6 33. Rxg5
Re5 34. Rh5+ Kg7 35. Rh7+ Kg8 36. Rh5 Qf6 37. Bh7+ Kg7 38. g4 Rxh5 39. gxh5 Kxh7
40. f4 Rg8+ 41. Kf2 Qxf4+ 42. Ke2 Re8+ {White resigns} 0-1

[Event "Team 45 45 League T73"]
[Site "Internet Chess Club"]
[Date "2017.07.08"]
[Round "4"]
[White "Electryon"]
[Black "smsxman"]
[Result "1-0"]
[WhiteElo "1454"]
[BlackElo "1335"]
[Opening "Queen's pawn"]
[ECO "A40"]
[Time "20:59:13"]
[TimeControl "2700+45"]

1. d4 e6 2. Bf4 c5 3. e3 cxd4 4. exd4 Nf6 5. Nf3 Nc6 6. c3 d5 7. Bd3 Be7 8. Nbd2
O-O 9. Ne5 Bd7 10. h4 a6 11. Bg5 g6 12. Ndf3 b5 13. Bxf6 Bxf6 14. h5 Bxe5 15.
dxe5 b4 16. hxg6 fxg6 17. Qd2 bxc3 18. Qh6 Qe7 19. bxc3 Qg7 20. Qxg7+ Kxg7 21.
Rb1 Rab8 22. O-O Rxb1 23. Rxb1 Rb8 24. Rxb8 Nxb8 25. c4 a5 26. cxd5 exd5 27. Nd4
Kf7 28. f4 Nc6 29. Nb3 Nb4 30. Bb1 a4 31. a3 axb3 32. axb4 Ke6 33. Kf2 Bb5 34.
Ke3 Bc4 35. Kd4 Bb5 36. Kc5 Bc4 37. b5 b2 38. b6 Ba6 39. Kc6 d4 40. b7 Bxb7+ 41.
Kxb7 Ke7 42. Kc6 Kf7 43. Kd5 h6 44. Kxd4 Ke6 45. Bxg6 {Black resigns} 1-0

[Event "Team 45 45 League T73"]
[Site "Internet Chess Club"]
[Date "2017.07.10"]
[Round "4"]
[White "jjaillet2007"]
[Black "Aquaman"]
[Result "0-1"]
[WhiteElo "1312"]
[BlackElo "1317"]
[Opening "Kevitz-Trajkovich defense"]
[ECO "A50"]
[Time "15:03:36"]
[TimeControl "2700+45"]

1. d4 Nf6 2. c4 Nc6 3. Nf3 e6 4. Nc3 Bb4 5. a3 Bxc3+ 6. bxc3 O-O 7. Bg5 h6 8.
Bh4 d6 9. e3 Nb8 10. Bd3 Nbd7 11. O-O c5 12. Re1 Re8 13. e4 Qc7 14. e5 dxe5 15.
dxe5 Nh7 16. Qc2 Nhf8 17. Rab1 b6 18. Be4 Rb8 19. Qa4 a5 20. Red1 Bb7 21. Bxb7
Rxb7 22. Rd6 Rc8 23. Be7 Ng6 24. Bh4 Nxh4 25. Nxh4 Nxe5 26. Rdd1 Qe7 27. g3 Qf6
28. f4 Ng6 29. Nxg6 Qxg6 30. Rf1 h5 31. Qd1 Qf5 32. Qf3 Rcb8 33. Rbe1 g6 34. Rd1
Qf6 35. h3 Qe7 36. Rfe1 Rd7 37. f5 Rxd1 38. Qxd1 Rd8 39. Qf3 Qf6 40. Qc6 Rd3 41.
fxe6 Rxg3+ 42. Kh1 Rxh3+ 43. Kg2 Rxc3 44. Qe8+ Kg7 45. Qc6 Qg5+ 46. Kf1 Qf4+ 47.
Kg1 Rg3+ 48. Qg2 Rxg2+ 49. Kxg2 fxe6 50. a4 e5 51. Rf1 Qxc4 {White resigns} 0-1

[Event "Team 45 45 League T73"]
[Site "Internet Chess Club"]
[Date "2017.07.07"]
[Round "4"]
[White "GiantsFan"]
[Black "stantheman59"]
[Result "0-1"]
[WhiteElo "1135"]
[BlackElo "1301"]
[Opening "Nimzo-Indian: Sämisch variation"]
[ECO "E24"]
[Time "20:07:43"]
[TimeControl "2700+45"]

1. d4 Nf6 2. c4 e6 3. Nc3 Bb4 4. a3 Bxc3+ 5. bxc3 b6 6. Nf3 h6 7. Bf4 Bb7 8. e3
O-O 9. Bd3 Nh5 10. Bg3 d6 11. O-O Nd7 12. Bh4 Nhf6 13. Bxf6 Nxf6 14. Qc2 Bxf3
15. gxf3 Re8 16. Kh1 c5 17. Rab1 d5 18. cxd5 exd5 19. e4 c4 20. Be2 dxe4 21.
fxe4 Rc8 22. e5 Nd5 23. Qa4 Nxc3 24. Qc2 Nxb1 25. Rxb1 Qxd4 26. Rb4 Rxe5 27.
Rxc4 Rxc4 28. Qxc4 Qa1+ 29. Kg2 Rg5+ 30. Bg4 Qxa3 31. Qc8+ Qf8 32. Qxf8+ Kxf8
33. Kf3 Rc5 34. Ke4 a5 35. Kd4 a4 36. Bf5 a3 37. Bb1 Rc1 38. Ba2 b5 39. Kd3 b4
40. Kd2 Rh1 41. Kd3 Rxh2 42. Kc4 Rxf2 43. Kxb4 Rxa2 44. Kb3 Ra1 45. Kc2 h5 46.
Kd3 h4 47. Ke3 h3 48. Kf3 a2 49. Kg3 Rb1 50. Kxh3 a1=Q 51. Kh4 Rb5 52. Kh3 Qa4
53. Kh2 Rb3 54. Kg2 Qa2+ 55. Kf1 Rb1# {White checkmated} 0-1

[Event "Team 45 45 League T73"]
[Site "Internet Chess Club"]
[Date "2017.07.07"]
[Round "4"]
[White "chips"]
[Black "RobertBuice"]
[Result "0-1"]
[WhiteElo "1194"]
[BlackElo "1073"]
[Opening "Polish (Sokolsky) opening"]
[ECO "A00"]
[Time "08:05:20"]
[TimeControl "2700+45"]

1. b4 d5 2. Bb2 Nf6 3. Nf3 b5 4. Bxf6 gxf6 5. d4 Nc6 6. c3 e5 7. e3 a6 8. Be2 e4
9. Nfd2 h5 10. h3 Bd6 11. f4 exf3 12. Nxf3 h4 13. Qb3 Bg3+ 14. Kd1 a5 15. Bxb5
Bd7 16. Qxd5 axb4 17. Bxc6 Ra6 18. Bxd7+ Qxd7 19. Qxd7+ Kxd7 20. cxb4 Rb6 21. a3
Kd6 22. Nbd2 Kd5 23. e4+ Kc6 24. Nc4 Rb5 25. d5+ Kd7 26. Nd4 c6 27. Nxb5 cxb5
28. Na5 Re8 29. Ra2 Rxe4 30. Nc6 Kd6 31. Rf1 Kxd5 32. Rxf6 Re1+ 33. Kc2 Re2+ 34.
Kd3 Rxa2 35. Na5 Rxa3+ 36. Kc2 Ra2+ 37. Kb3 Rxg2 38. Rxf7 Kd4 39. Rb7 Be1 40.
Rd7+ Ke3 41. Re7+ Kd2 42. Rd7+ Ke2 43. Re7+ Kf1 44. Rf7+ Bf2 45. Rc7 Rg3+ 46.
Rc3 Be1 47. Rxg3 hxg3 {White resigns} 0-1

[Event "Team 45 45 League T73"]
[Site "Internet Chess Club"]
[Date "2017.07.10"]
[Round "4"]
[White "GideonL"]
[Black "mongmong"]
[Result "1-0"]
[WhiteElo "1371"]
[BlackElo "1484"]
[Opening "French: exchange variation"]
[ECO "C01"]
[Time "19:01:33"]
[TimeControl "2700+45"]

1. e4 e6 2. d4 d5 3. exd5 exd5 4. Nf3 Bd6 5. Bd3 Ne7 6. O-O Nbc6 7. c3 Bg4 8. h3
Bh5 9. Be3 Qd7 10. Nbd2 O-O 11. Qb3 f5 12. Bg5 h6 13. Bxe7 Nxe7 14. Rae1 c6 15.
Qc2 Rae8 16. Nb3 Bxf3 17. gxf3 b6 18. Kh1 c5 19. dxc5 bxc5 20. c4 d4 21. Rg1 Rc8
22. Qe2 Rf6 23. f4 Ng6 24. Qf3 Nxf4 25. Nd2 Qc6 26. Qxc6 Rxc6 27. Rg3 Kf7 28.
Rf3 Nxd3 29. Rxd3 Be7 30. b3 Rce6 31. Rf1 Re2 32. Kg2 Rfe6 33. Kf3 Bg5 34. Rd1
Bh4 35. Rf1 Re1 36. a3 a5 37. b4 Rxf1 38. Nxf1 axb4 39. axb4 cxb4 40. Rxd4 Rc6
41. Rxh4 b3 42. Rd4 b2 43. Rd1 Rxc4 44. Rd7+ Kg6 45. Rb7 Rc1 46. Nd2 Rc3+ 47.
Ke2 Rxh3 48. Rxb2 Kg5 49. Nf3+ Kg6 50. Rb6+ Kh7 51. Rb5 f4 52. Rf5 g5 53. Rb5
Rh1 54. Rb7+ Kg6 55. Rb6+ Kg7 56. Rb7+ Kf6 57. Rb6+ Kf5 58. Rb5+ Ke4 59. Rb4+
Kd5 60. Rd4+ Ke6 61. Re4+ Kf6 62. Ra4 Rb1 63. Ra6+ Kg7 64. Ra7+ Kg6 65. Ra6+ Kh5
66. Ra5 Kg4 67. Ne5+ Kh5 68. Nf3 Rb2+ 69. Kf1 Kg4 70. Kg2 h5 71. Ne5+ Kh4 72.
Ng6+ Kg4 73. Ne5+ Kf5 74. Nf7+ Kf6 75. Nxg5 h4 76. Nh3 f3+ 77. Kxf3 Rb3+ 78. Kg4
Rb4+ 79. f4 Rb8 80. Kxh4 Rh8+ 81. Rh5 Ra8 82. Kg4 Rg8+ 83. Rg5 Rh8 84. Rh5 Rg8+
85. Ng5 Ra8 86. Rh6+ Kg7 87. Re6 Ra4 88. Kf5 Ra5+ 89. Re5 Ra6 90. Ne4 Kf7 91.
Rb5 Rh6 92. Rb7+ Ke8 93. Kg5 Rc6 94. f5 Rc1 95. Kg6 Rg1+ 96. Ng5 Kf8 97. Kf6 Ke8
98. Re7+ Kd8 99. Ne6+ Kc8 100. Kf7 Rh1 101. f6 Rh7+ 102. Ng7 Kd8 103. Kg8 Rh1
104. Re8+ Kd7 105. f7 Rf1 106. f8=R Rxf8+ 107. Rxf8 Ke7 108. Ne6 Kxe6 109. Rf7
Ke5 110. Kg7 Ke6 111. Kg6 Ke5 112. Rf6 Kd5 113. Kf5 Kd4 114. Rd6+ Kc5 115. Ke5
Kc4 116. Rd5 Kc3 117. Rd4 Kc2 118. Ke4 Kb3 119. Kd3 Kb2 120. Rb4+ Ka3 121. Kc3
Ka2 122. Kc2 Ka3 123. Rh4 Ka2 124. Ra4# {Black checkmated} 1-0

[Event "Team 45 45 League T73"]
[Site "Internet Chess Club"]
[Date "2017.07.09"]
[Round "4"]
[White "Toalla"]
[Black "seattleblues"]
[Result "1-0"]
[WhiteElo "1191"]
[BlackElo "1271"]
[Opening "Queen's Indian: 4.g3"]
[ECO "E15"]
[Time "18:15:31"]
[TimeControl "2700+45"]

1. c4 Nf6 2. d4 e6 3. Nf3 b6 4. g3 d5 5. cxd5 exd5 6. Bg2 Nbd7 7. Nc3 Bb7 8. O-O
a6 9. Qc2 Be7 10. Re1 O-O 11. e4 dxe4 12. Ne5 Re8 13. Nxd7 Qxd7 14. Nxe4 Nxe4
15. Bxe4 Bxe4 16. Rxe4 Rac8 17. Be3 Qf5 18. Qc6 Qf3 19. Rc1 Qf6 20. Qc3 a5 21.
a3 Qg6 22. Qc2 Qf5 23. Rxe7 Qxc2 24. Rxe8+ Rxe8 25. Rxc2 Rc8 26. d5 Rd8 27. Rxc7
b5 28. Rc5 Kf8 29. Rxb5 a4 30. d6 Ke8 31. Bc5 f6 32. Kg2 Kf7 33. f4 Ke6 34. Kf3
Kd5 35. Bb6+ Kc6 36. Bxd8 Kxb5 37. Ke4 Kc6 38. Be7 Kd7 39. f5 Ke8 40. Kd4 Kf7
41. Kc4 {Black resigns} 1-0

[Event "Team 45 45 League T73"]
[Site "Internet Chess Club"]
[Date "2017.07.07"]
[Round "4"]
[White "joaoazm"]
[Black "tasawyer81"]
[Result "1-0"]
[WhiteElo "1230"]
[BlackElo "1110"]
[Opening "Ruy Lopez: Möller defense"]
[ECO "C78"]
[Time "19:28:30"]
[TimeControl "2700+45"]

1. e4 e5 2. Nf3 Nc6 3. Bb5 a6 4. Ba4 Nf6 5. O-O Bc5 6. c3 O-O 7. d4 exd4 8. cxd4
Bb4 9. a3 Ba5 10. Bxc6 dxc6 11. Bg5 h6 12. Bxf6 Qxf6 13. Nbd2 Bb6 14. Qa4 Ba7
15. Rfb1 Qg6 16. Qa5 Bh3 17. g3 Qf6 18. Qxc7 Rae8 19. Qxb7 Bxd4 20. Nxd4 Qxd4
21. Qb4 Qe5 22. f4 Qh5 23. Qb6 c5 24. Qxa6 Ra8 25. Qd3 Rfd8 26. Qe3 Rd4 27. Nb3
Ra6 28. Nxd4 cxd4 29. Qxd4 Qe2 30. Qf2 Qxe4 31. Re1 {Black resigns} 1-0

[Event "Team 45 45 League T73"]
[Site "Internet Chess Club"]
[Date "2017.07.07"]
[Round "4"]
[White "WzeroMN"]
[Black "grekor"]
[Result "0-1"]
[WhiteElo "1085"]
[BlackElo "1107"]
[Opening "Ruy Lopez: Berlin defense, Beverwijk variation"]
[ECO "C64"]
[Time "14:52:44"]
[TimeControl "2700+45"]

1. e4 e5 2. Nf3 Nc6 3. Bb5 Bc5 4. O-O Nf6 5. Re1 O-O 6. h3 d5 7. d3 Be6 8. Bg5
h6 9. Bxf6 Qxf6 10. Bxc6 bxc6 11. Nc3 Qg6 12. Kf1 f6 13. Nh4 Qg5 14. Nf3 Qg6 15.
a3 Bd6 16. b4 f5 17. Qd2 Qf6 18. b5 g5 19. bxc6 g4 20. hxg4 fxg4 21. Ng1 g3 22.
f3 Qd8 23. exd5 Bg4 24. Qxh6 Bf5 25. Qe3 Qh4 26. Nce2 Qh2 27. Qg5+ Kh8 28. Qxg3
Qh6 29. Nh3 Rf7 30. Neg1 Rg7 31. Qf2 Rag8 32. Re2 Rxg2 33. Qxg2 Rxg2 34. Rxg2
Bxh3 35. Nxh3 Qxh3 36. Kf2 Bc5+ 37. Kf1 Qh1+ 38. Ke2 Qxg2+ 39. Kd1 Qf1+ 40. Kd2
Qxa1 41. c3 Qb2+ 42. Ke1 Be3 43. d6 Qd2+ 44. Kf1 Qf2# {White checkmated} 0-1

[Event "Team 45 45 League T73"]
[Site "Internet Chess Club"]
[Date "2017.07.09"]
[Round "4"]
[White "room-matt"]
[Black "TheRailgun"]
[Result "0-1"]
[WhiteElo "1781"]
[BlackElo "1863"]
[Opening "Sicilian: closed"]
[ECO "B23"]
[Time "10:32:41"]
[TimeControl "2700+45"]

1. e4 c5 2. Nc3 d6 3. f4 Nc6 4. Nf3 g6 5. Bc4 Bg7 6. O-O Nf6 7. d3 O-O 8. Qe1 a6
9. a4 Nd4 10. Nxd4 cxd4 11. Ne2 d5 12. exd5 Nxd5 13. Ng3 Ne3 14. Bxe3 dxe3 15.
c3 Qb6 16. d4 Qxb2 17. Qxe3 Qb6 18. Rab1 Qc7 19. Bb3 e6 20. Bc2 Bd7 21. Rbe1
Rac8 22. Ne2 Qa5 23. Be4 Rc7 24. Rb1 b6 25. Bc2 Rd8 26. Qd3 b5 27. Bb3 bxa4 28.
Ba2 Bb5 29. c4 Bc6 30. Qe3 Rcd7 31. Rfd1 Qf5 32. Rb6 Qe4 33. Qxe4 Bxe4 34. Rxa6
Bc2 35. Rd2 Bb3 36. Bxb3 axb3 37. Rb6 Bxd4+ 38. Nxd4 Rxd4 39. Rxd4 Rxd4 40. Rxb3
Rxc4 41. g3 h5 42. Rb5 Kg7 43. Kg2 Rc2+ 44. Kh3 Rd2 45. Rb6 g5 46. fxg5 Kg6 47.
Rb5 Rd5 48. Rb8 Kxg5 49. Rg8+ Kh6 50. Kh4 Rd4+ 51. Kh3 f6 52. Rh8+ Kg6 53. Rg8+
Kh7 54. Rf8 Kg7 55. Re8 e5 56. Re7+ Kg6 57. Kg2 Rd2+ 58. Kh3 Kf5 59. Rh7 Kg6 60.
Re7 Rd4 61. Kg2 h4 62. Kh3 hxg3 63. hxg3 Kf5 64. Kg2 Ke4 65. Kf2 Rd2+ 66. Ke1
Rg2 67. g4 Rxg4 68. Kd2 Rg2+ 69. Ke1 f5 70. Re8 f4 71. Kd1 f3 72. Ke1 Kf4 73.
Kf1 e4 74. Rf8+ Ke3 75. Rh8 Rc2 {White resigns} 0-1

[Event "Team 45 45 League T73"]
[Site "Internet Chess Club"]
[Date "2017.07.06"]
[Round "4"]
[White "zap2"]
[Black "JPSVI"]
[Result "1-0"]
[WhiteElo "1735"]
[BlackElo "1397"]
[Opening "French: King's Indian attack"]
[ECO "C00"]
[Time "09:03:06"]
[TimeControl "2700+45"]

1. e4 e6 2. d3 d5 3. Nd2 dxe4 4. dxe4 Nf6 5. Ngf3 Bc5 6. Be2 Nc6 7. c3 e5 8. O-O
O-O 9. Qc2 Qe7 10. Nc4 Bd7 11. b4 Bb6 12. a4 a6 13. Nxb6 cxb6 14. Be3 Rac8 15.
Qb1 Bg4 16. Bxb6 Nd7 17. Be3 Rfd8 18. h3 Bh5 19. Rd1 Nf6 20. Bc5 Qe6 21. Qc2 h6
22. Rxd8+ Rxd8 23. Rd1 Rxd1+ 24. Bxd1 Bg6 25. Nd2 Ne7 26. f3 b6 27. Be3 Nd7 28.
Qd3 Qc6 29. Bb3 Kf8 30. Qc4 Qb7 31. Kh2 Nc8 32. Qd5 Qxd5 33. Bxd5 Nd6 34. c4 Ke7
35. c5 bxc5 36. bxc5 Ne8 37. c6 Ndf6 38. Bc5+ Kd8 39. Bb6+ Nc7 40. Bc4 Kc8 41.
Nb3 Nfe8 42. Nc5 Na8 43. Bxa6+ Kb8 44. Nd7# {Black checkmated} 1-0

[Event "Team 45 45 League T73"]
[Site "Internet Chess Club"]
[Date "2017.07.09"]
[Round "4"]
[White "fireball"]
[Black "Duguesclin"]
[Result "0-1"]
[WhiteElo "1566"]
[BlackElo "1569"]
[Opening "French: Winawer, Alekhine gambit"]
[ECO "C15"]
[Time "12:07:28"]
[TimeControl "2700+45"]

1. e4 e6 2. d4 d5 3. Nc3 Bb4 4. Ne2 dxe4 5. a3 Bxc3+ 6. Nxc3 Nf6 7. Bg5 Nc6 8.
d5 exd5 9. f3 exf3 10. Qxf3 Be6 11. O-O-O O-O 12. Nxd5 Bxd5 13. Qf4 Qd6 14. Qxd6
cxd6 15. Bxf6 Be4 16. Bc3 d5 17. Bd3 Rfe8 18. Rhg1 d4 19. Be1 f5 20. Bc4+ Kh8
21. Bf2 Rad8 22. Bb5 Re6 23. Rd2 Red6 24. g4 f4 25. Re1 Bf3 26. c3 Na5 27. Ba4
d3 28. Bd4 Be2 29. b3 b5 30. b4 Nc4 31. Bxb5 Nxd2 32. Kxd2 f3 33. Bxa7 Ra8 34.
Bc5 Rf6 35. Bf2 Rxa3 36. Bxd3 Rd6 37. Bd4 Ra2+ 38. Ke3 Re6+ 39. Kf4 Rd6 40. Be4
Rxd4 41. cxd4 f2 42. Rc1 f1=Q+ 43. Rxf1 Bxf1 44. h4 Rb2 45. Ke5 Rxb4 46. d5 Bh3
47. g5 g6 48. d6 Kg7 49. Bc6 Rb8 50. d7 Kf7 51. Kd6 Bxd7 52. Bxd7 Rb4 53. Be6+
Kg7 54. h5 gxh5 55. Ke5 Kg6 56. Bf5+ Kxg5 57. Bxh7 h4 58. Bd3 h3 59. Bf1 Rh4 60.
Be2 h2 61. Bf3 h1=Q 62. Bxh1 Rxh1 63. Ke4 Rh3 64. Kd4 Kf5 65. Kd5 Rd3+ 66. Kc4
Rd1 67. Kc3 Ke4 68. Kc2 Rd6 69. Kc3 Rc6+ 70. Kd2 Rc7 71. Ke2 Rc2+ 72. Kd1 Rh2
73. Kc1 Kd3 74. Kb1 Kc3 75. Ka1 Kb3 {White resigns} 0-1